 Dungeon Crawl Stone Soup version 0.28-a0-973-ga7f8b01127 (webtiles) character file.

Game seed: 1515802372554425318

16 ders the Digger (level 2, 0/15 HPs)
             Began as a Gargoyle Earth Elementalist on Dec 1, 2021.
             Slain by Terence (4 damage)
             ... on level 2 of the Dungeon.
             The game lasted 00:00:54 (1252 turns).

ders the Digger (Gargoyle Earth Elementalist)       Turns: 1252, Time: 00:00:54

Health: 0/15       AC:  4    Str: 11    XL:     2   Next: 54%
Magic:  3/5        EV: 12    Int: 15    God:
Gold:   41         SH:  0    Dex: 10    Spells: 4/5 levels left

rFire   . . .      SeeInvis .   g - staff of poison
rCold   . . .      Faith    .   (no shield)
rNeg    + . .      Spirit   .   b - +0 robe
rPois   ∞          Reflect  .   (no helmet)
rElec   +          Harm     .   (no cloak)
rCorr   .          Rampage  .   (no gloves)
Will    .....                   (no boots)
Stlth   ++........              (no amulet)
HPRegen 0.05/turn               (no ring)
MPRegen 0.09/turn               (no ring)

@: no status effects
A: sickness immunity, AC +2, negative energy resistance 1, electricity
resistance, torment resistance 1, petrification resistance
a: no special abilities


You were on level 2 of the Dungeon.
You visited 1 branch of the dungeon, and saw 2 of its levels.

You collected 41 gold pieces.

Inventory:

Missiles
 c - 37 stones
Armour
 b - a +0 robe (worn)
Magical Staves
 g - a staff of poison (weapon)
Scrolls
 a - a scroll of blinking {unknown}
 d - 3 scrolls of identify {unknown}
 e - a scroll of enchant weapon {unknown}
Potions
 f - 2 potions of berserk rage {unknown}


   Skills:
 + Level 1.8 Dodging
 + Level 2.5 Stealth
 + Level 2.1 Spellcasting
 + Level 1.1 Transmutations
 + Level 3.8 Earth Magic


You had 4 spell levels left.
You knew the following spells:

 Your Spells              Type           Power      Damage    Failure   Level
a - Sandblast             Erth           26%        2d8       4%          1

Your spell library contained the following spells:

 Spells                   Type           Power      Damage    Failure   Level
 Passwall                 Tmut/Erth      7%         N/A       12%         2
 Stone Arrow              Conj/Erth      14%        3d7       30%         3
 Petrify                  Tmut/Erth      9%         N/A       61%         4


Dungeon Overview and Level Annotations

Branches:
Dungeon (2/15)

Altars:

Annotations:
D:2 Terence


Innate Abilities, Weirdness & Mutations

You are immune to sickness and miasma.
Your stone body is resilient. (AC +2)
You are immune to poison.
You resist negative energy. (rN+)
You are resistant to electric shocks. (rElec)
You are resistant to unholy torment.
You are immune to petrification.


Message History

Aim: a quokka (71% to hit)
The blast of sand misses the quokka.
The quokka bites you but does no damage.
Unknown command.
The bat hits you but does no damage. The quokka closely misses you.
The bat closely misses you. The bat barely misses you.
The bat hits you but does no damage. The bat barely misses you. x2
The bat hits you but does no damage. x2
You see here a rat corpse.
The bat misses you.
Casting: Sandblast (safe; 4% risk of failure)
Confirm with . or Enter, or press ? or * to list all spells.
Aiming: Sandblast (safe; 4% risk of failure)
Press: ? - help, Shift-Dir - straight line, f/p - quokka
Aim: a quokka (71% to hit)
The blast of sand hits the quokka.
You kill the quokka!
The bat hits you but does no damage.
Unknown command.
Casting: Sandblast (safe; 4% risk of failure)
Confirm with . or Enter, or press ? or * to list all spells.
Aiming: Sandblast (safe; 4% risk of failure)
Press: ? - help, Shift-Dir - straight line, f - bat
Aim: a bat (69% to hit)
The blast of sand misses the bat.
The bat hits you but does no damage. Terence closely misses you.
Unknown command.
The bat hits you. The bat misses you. The bat hits you but does no damage.
The bat hits you but does no damage. The bat barely misses you.
The bat barely misses you.
You barely miss the bat. The bat misses you. The bat closely misses you.
Terence hits you from afar with a +4 vorpal trident!
Ouch! That really hurt!
* * * LOW HITPOINT WARNING * * *
You die...

##.#
#.####††####...)...#
#..# #.......#
#.#.###.# #.##
######.## #.#..##.#
#.# ###.###
#.##.##.# #.#
#.....# #.##.##.#
#.# #.....#
#.......# #>###
#...@.# ####.####
#...# #..b..#
#.....# ###.#
#..@..# #.....#
##.###########
#.....#
##.#........#
#.....#
##.###.#####.#
#.<...# #.##
##...##.# ###.###
##.###.##.##.# #.#
##.#.[##.##.# #.#
##.#.......#
######.#
######.######......#


You could see Terence (resistant) and a bat.

Vanquished Creatures
  2 bats (D:1)
  3 endoplasms
  3 goblins (D:1)
  A kobold (D:1)
  A quokka (D:2)
  A frilled lizard (D:1)
  3 rats
14 creatures vanquished.

Notes
Turn   | Place    | Note
-------+----------+-------------------------------------------
     0 | D:1      | ders the Gargoyle Earth Elementalist began the quest for
                  | the Orb.
     0 | D:1      | Reached XP level 1. HP: 10/10 MP: 3/3
   328 | D:1      | Reached skill level 1 in Transmutations
   328 | D:1      | Reached XP level 2. HP: 15/15 MP: 3/5
  1225 | D:2      | Noticed Terence
  1252 | D:2      | Slain by Terence

Illustrated notes

Levels and vault maps discovered:
D:1:      dpeg_arrival_pond, layout_basic
D:2:      layout_loops_cross, uniq_terence

Skill      XL: |  1 |
---------------+----+-----
Transmutations | 1 |  1.1
Dodging        | |  1.8
Stealth        | |  2.5
Spellcasting   | |  2.1
Earth Magic    | |  3.8

Action                   || total
-------------------------++-------
Melee: Staff             ||     1
       Unarmed           ||     1
 Cast: Sandblast         ||    19
Armor: Robe              ||    11
Dodge: Dodged            ||    14

Table legend: (Time is in decaauts)
 A = Elapsed time spent in this place.
 B = Non-inter-level travel time spent in this place.
 C = Inter-level travel time spent in this place.
 D = Time resting spent in this place.
 E = Time spent auto-exploring this place.
 F = Levels seen in this place.
 G = Mean time per level.
                   A        B        C        D        E       F      G
               +--------+--------+--------+--------+--------+-----+--------+
         Total |   1252 |   1174 |     78 |      0 |   1053 |   2 |  626.0 |
       Dungeon |   1252 |   1174 |     78 |      0 |   1053 |   2 |  626.0 |
               +--------+--------+--------+--------+--------+-----+--------+

Top non-repeatable levels by time:
     D:1: 1042 daAuts
     D:2: 210 daAuts
